SKY
DETROIT TIGERS @ MINNESOTA TWINS
03/11/2052
 
TOP OF THE 1ST
Detroit Tigers batting - Pitching for Minnesota Twins : RHP Jordan Manzanares
Pitching: RHP Jordan Manzanares
Batting: LHB Jim Harvill 0-0: Ball
1-0: SINGLE (Groundball, 34D, EV 94.4 MPH)
Batting: LHB Sebastian Ontiveros 0-0: Called Strike
Jim Harvill is caught stealing 2nd base 2-6
0-1: Called Strike
0-2: Ground out 3-1 (Groundball, 34, EV 104.4 MPH)
Batting: LHB Verrell Vander Mark 0-0: Called Strike
0-1: Ball
1-1: Ball
2-1: Ball
3-1: Swinging Strike
3-2: Strikes out swinging
Top of the 1st over - 0 runs, 1 hit, 0 errors, 0 left on base; Detroit 0 - Minnesota 0
BOTTOM OF THE 1ST
Minnesota Twins batting - Pitching for Detroit Tigers : RHP Lou Clayton
Pitching: RHP Lou Clayton
Batting: SHB Sylvester Cotter 0-0: Called Strike
0-1: Called Strike
0-2: Strikes out swinging
Batting: LHB Archer Charles 0-0: Called Strike
0-1: Ball
1-1: Ball
2-1: Called Strike
2-2: Foul Ball, location: 2F
2-2: Fly out, F7 (Flyball, 78S, EV 93.8 MPH)
Batting: RHB Raul Cathey 0-0: Ball
1-0: Called Strike
1-1: Swinging Strike
1-2: Ball
2-2: Ground out 3-1 (Groundball, 34S, EV 85.6 MPH)
Bottom of the 1st over - 0 runs, 0 hits, 0 errors, 0 left on base; Detroit 0 - Minnesota 0
TOP OF THE 2ND
Detroit Tigers batting - Pitching for Minnesota Twins : RHP Jordan Manzanares
Batting: SHB Austin Branson 0-0: Ball
1-0: DOUBLE (Flyball, 78D, EV 96.3 MPH)
Batting: SHB Carlos Vargas 0-0: Foul Ball, location: 9LMF
0-1: Ball
1-1: Foul Ball, location: 2F
1-2: Ball
2-2: Foul Ball, location: 2RF
2-2: Ground out 6-3 (Groundball, 6MS, EV 81.9 MPH)
Batting: RHB Kyle Garette 0-0: Foul Ball, location: 7LMF
0-1: Foul Ball, location: 2F
0-2: Ball
1-2: Fly out, F8 (Flyball, 8RD, EV 87.5 MPH)
Batting: RHB Peter Bates 0-0: Swinging Strike
0-1: Fly out, F9 (Flyball, 9D, EV 100.0 MPH)
Top of the 2nd over - 0 runs, 1 hit, 0 errors, 1 left on base; Detroit 0 - Minnesota 0
BOTTOM OF THE 2ND
Minnesota Twins batting - Pitching for Detroit Tigers : RHP Lou Clayton
Batting: LHB Stanfield Reaves 0-0: Fly out, F4 (Flyball, 4MD, EV 92.5 MPH)
Batting: RHB Jordi Ortiz 0-0: Called Strike
0-1: Ball
1-1: Swinging Strike
1-2: Foul Ball, location: 2F
1-2: Ball
2-2: Strikes out swinging
Batting: LHB Ra Williams 0-0: Called Strike
0-1: Ball
1-1: Ball
2-1: Ball
3-1: Called Strike
3-2: Fly out, F7 (Flyball, 78M, EV 85.6 MPH)
Bottom of the 2nd over - 0 runs, 0 hits, 0 errors, 0 left on base; Detroit 0 - Minnesota 0
TOP OF THE 3RD
Detroit Tigers batting - Pitching for Minnesota Twins : RHP Jordan Manzanares
Batting: RHB Diego Ruiz 0-0: Fly out, F7 (Flyball, 78S, EV 95.6 MPH)
Batting: LHB Rob Hedrick 0-0: Ball
1-0: Ground out 6-3 (Groundball, 6, EV 83.8 MPH)
Batting: LHB Jim Harvill 0-0: Ball
1-0: Ground out 6-3 (Groundball, 6, EV 75.6 MPH)
Top of the 3rd over - 0 runs, 0 hits, 0 errors, 0 left on base; Detroit 0 - Minnesota 0
BOTTOM OF THE 3RD
Minnesota Twins batting - Pitching for Detroit Tigers : RHP Lou Clayton
Batting: RHB Pinkney Hines 0-0: Ball
1-0: Foul Ball, location: 23FF
1-1: Foul Ball, location: 9LMF
1-2: Foul Ball, location: 2F
1-2: Foul Ball, location: 2F
1-2: Strikes out swinging
Batting: RHB Nick Haftel 0-0: Ground out 5-3 (Groundball, 5, EV 79.4 MPH)
Batting: RHB Isiah Crudup 0-0: Called Strike
0-1: Foul Ball, location: 9LSF
0-2: Foul Ball, location: 3SF
0-2: Strikes out swinging
Bottom of the 3rd over - 0 runs, 0 hits, 0 errors, 0 left on base; Detroit 0 - Minnesota 0
TOP OF THE 4TH
Detroit Tigers batting - Pitching for Minnesota Twins : RHP Jordan Manzanares
Batting: LHB Sebastian Ontiveros 0-0: Swinging Strike
0-1: Foul Ball, location: 7LMF
0-2: Strikes out swinging
Batting: LHB Verrell Vander Mark 0-0: Foul Ball, location: 2F
0-1: Ball
1-1: Called Strike
1-2: Foul Ball, location: 2F
1-2: Foul Ball, location: 25F
1-2: Ball
2-2: Strikes out swinging
Batting: SHB Austin Branson 0-0: Ball
1-0: Ball
2-0: Ball
3-0: SINGLE (Line Drive, 7S, EV 93.8 MPH)
Batting: SHB Carlos Vargas 0-0: Ball
Passed Ball!
Austin Branson to second
1-0: Foul Ball, location: 7LDF
1-1: Called Strike
1-2: Ball
2-2: Ball
3-2: Ground out 6-3 (Groundball, 4M, EV 90.0 MPH)
Top of the 4th over - 0 runs, 1 hit, 0 errors, 1 left on base; Detroit 0 - Minnesota 0
BOTTOM OF THE 4TH
Minnesota Twins batting - Pitching for Detroit Tigers : RHP Lou Clayton
Batting: SHB Sylvester Cotter 0-0: Ball
1-0: Called Strike
1-1: Ground out U3 (Groundball, 34S, EV 85.0 MPH)
Batting: LHB Archer Charles 0-0: Foul Ball, location: 3FF
0-1: SINGLE (Groundball, 34D, EV 94.4 MPH)
Batting: RHB Raul Cathey 0-0: Called Strike
0-1: Ball
1-1: Foul Ball, location: 5F
1-2: Foul Ball, location: 9LSF
1-2: Strikes out swinging
Batting: LHB Stanfield Reaves 0-0: Ball
1-0: Ball
2-0: Ball
3-0: Base on Balls
Archer Charles to second
Batting: RHB Jordi Ortiz 0-0: Ball
1-0: Ball
2-0: Ball
3-0: Called Strike
3-1: Swinging Strike
3-2: Strikes out swinging
Bottom of the 4th over - 0 runs, 1 hit, 0 errors, 2 left on base; Detroit 0 - Minnesota 0
TOP OF THE 5TH
Detroit Tigers batting - Pitching for Minnesota Twins : RHP Jordan Manzanares
Now in RF: Loren Cortez
Batting: RHB Kyle Garette 0-0: Ball
1-0: Called Strike
1-1: Ground out 5-3 (Groundball, 56, EV 98.1 MPH)
Batting: RHB Peter Bates 0-0: Called Strike
0-1: Foul Ball, location: 2F
0-2: Foul Ball, location: 9LMF
0-2: Ball
1-2: Foul Ball, location: 9LMFF
1-2: Foul Ball, location: 2F
1-2: Ball
2-2: Fly out, F2 (Popup, 2RF, EV 88.1 MPH)
Batting: RHB Diego Ruiz 0-0: Foul Ball, location: 9LSF
0-1: Ball
1-1: Swinging Strike
1-2: Strikes out swinging
Top of the 5th over - 0 runs, 0 hits, 0 errors, 0 left on base; Detroit 0 - Minnesota 0
BOTTOM OF THE 5TH
Minnesota Twins batting - Pitching for Detroit Tigers : RHP Lou Clayton
Now in RF: Aarón Gutiérrez
Batting: LHB Ra Williams 0-0: Ball
1-0: Foul Ball, location: 23F
1-1: Ball
2-1: Ground out 5-3 (Groundball, 56, EV 97.5 MPH)
Batting: RHB Pinkney Hines 0-0: Reached on error, E6 (Groundball, 6, EV 86.9 MPH)
Batting: RHB Nick Haftel 0-0: Foul Ball, location: 2F
0-1: Ball
1-1: Ball
2-1: Called Strike
2-2: Strikes out swinging
Batting: RHB Isiah Crudup 0-0: Called Strike
Pinkney Hines steals 2nd base
0-1: Ball
1-1: Called Strike
1-2: Strikes out looking
Bottom of the 5th over - 0 runs, 0 hits, 1 error, 1 left on base; Detroit 0 - Minnesota 0
TOP OF THE 6TH
Detroit Tigers batting - Pitching for Minnesota Twins : RHP Jordan Manzanares
Pitching: LHP Santino Veira
Batting: LHB Rob Hedrick 0-0: Swinging Strike
0-1: Foul Ball, location: 2F
0-2: Ball
1-2: Strikes out swinging
Pinch Hitting: RHB Owen Roberts 0-0: Fly out, F8 (Flyball, 8RS, EV 90.0 MPH)
Batting: RHB Merlin Weichert 0-0: Ground out 5-3 (Groundball, 56, EV 100.0 MPH)
Top of the 6th over - 0 runs, 0 hits, 0 errors, 0 left on base; Detroit 0 - Minnesota 0
BOTTOM OF THE 6TH
Minnesota Twins batting - Pitching for Detroit Tigers : RHP Lou Clayton
Pitching: RHP Edgardo Gil
Now at C: Beauregard Anderson
Now at 1B: Cachi Rodriguez
Now at 2B: Will Dishman
Now at 3B: Sal MacDougall
Now at SS: Owen Roberts
Pinch Hitting: SHB Jack Lomax 0-0: Ball
1-0: Foul Ball, location: 2F
1-1: Swinging Strike
1-2: Ball
2-2: Ball
3-2: Fly out, F6 (Popup, 4MD, EV 56.9 MPH)
Pinch Hitting: RHB Alex Mets 0-0: Called Strike
0-1: Ball
1-1: DOUBLE (Line Drive, 3D, EV 103.8 MPH)
Batting: LHB Loren Cortez 0-0: Ball
1-0: Ground out 3-1 (Groundball, 34S, EV 74.4 MPH)
Alex Mets to third
Batting: LHB Stanfield Reaves 0-0: Foul Ball, location: 9LDF
0-1: Ball
1-1: Foul Ball, location: 23F
1-2: DOUBLE (Line Drive, 89XD, EV 107.5 MPH)
Alex Mets scores
Batting: RHB Jordi Ortiz 0-0: Ball
Wild Pitch!
Stanfield Reaves to third
1-0: Ball
2-0: Called Strike
2-1: Called Strike
2-2: Ball
3-2: Ground out 4-3 (Groundball, 13, EV 80.6 MPH)
Bottom of the 6th over - 1 run, 2 hits, 0 errors, 1 left on base; Detroit 0 - Minnesota 1
TOP OF THE 7TH
Detroit Tigers batting - Pitching for Minnesota Twins : LHP Santino Veira
Pitching: RHP Brian Daniels
Now at 1B: Jack Lomax
Now in LF: Alex Mets
Batting: RHB Aarón Gutiérrez 0-0: Ball
1-0: Called Strike
1-1: Ball
2-1: Called Strike
2-2: Strikes out swinging
Pinch Hitting: RHB Brandon Diarra 0-0: Ball
1-0: Ball
2-0: Ball
3-0: Called Strike
3-1: Ground out 6-3 (Groundball, 6S, EV 71.3 MPH)
Batting: LHB Cachi Rodriguez 0-0: Called Strike
0-1: Ball
1-1: Swinging Strike
1-2: Ball
2-2: Foul Ball, location: 2F
2-2: SINGLE (Line Drive, 6M, EV 107.5 MPH)
Batting: RHB Beauregard Anderson 0-0: Ball
1-0: Foul Ball, location: 2F
1-1: Foul Ball, location: 23F
1-2: Fielders Choice at 2nd, 5-4 (Groundball, 56, EV 93.8 MPH)
Top of the 7th over - 0 runs, 1 hit, 0 errors, 1 left on base; Detroit 0 - Minnesota 1
BOTTOM OF THE 7TH
Minnesota Twins batting - Pitching for Detroit Tigers : RHP Edgardo Gil
Pitching: RHP Jonas Gallick
Now in LF: Rodney Diallo
Now in CF: Brandon Diarra
Pinch Hitting: RHB Samuel Everhart 0-0: Swinging Strike
0-1: Ball
1-1: Ball
2-1: SINGLE (Line Drive, 34, EV 100.0 MPH)
Batting: LHB Lon White 0-0: Ball
1-0: Ball
2-0: Called Strike
2-1: Ball
3-1: Fly out, F9 (Flyball, 89M, EV 91.3 MPH)
Pinch Hitting: RHB Tory Shedd 0-0: Grounds into double play, 6-4-3 (Groundball, 6S, EV 80.6 MPH)
Bottom of the 7th over - 0 runs, 1 hit, 0 errors, 0 left on base; Detroit 0 - Minnesota 1
TOP OF THE 8TH
Detroit Tigers batting - Pitching for Minnesota Twins : RHP Brian Daniels
Pitching: LHP Waldo Tanner
Now at 2B: Tory Shedd
Now in CF: Samuel Everhart
Batting: RHB Sal MacDougall 0-0: Ball
1-0: Foul Ball, location: 2F
1-1: Ball
2-1: Swinging Strike
2-2: Ground out 6-3 (Groundball, 56S, EV 69.4 MPH)
Batting: LHB Rodney Diallo 0-0: Ground out U3 (Groundball, 3, EV 98.8 MPH)
Pinch Hitting: RHB Kyle McCoy 0-0: Ball
1-0: Called Strike
1-1: SINGLE (Groundball, 34D, EV 103.1 MPH)
Batting: RHB Owen Roberts 0-0: Ball
1-0: Fielders Choice at 2nd, 6-4 (Groundball, 6, EV 85.6 MPH)
Top of the 8th over - 0 runs, 1 hit, 0 errors, 1 left on base; Detroit 0 - Minnesota 1
BOTTOM OF THE 8TH
Minnesota Twins batting - Pitching for Detroit Tigers : RHP Jonas Gallick
Pitching: RHP Jaden Bishop
Now at 2B: Brayden Schmell
Batting: RHB Isiah Crudup 0-0: Called Strike
0-1: Ball
1-1: Foul Ball, location: 9LMF
1-2: Foul Ball, location: 2F
1-2: Foul Ball, location: 3SF
1-2: Ground out U3 (Groundball, 34S, EV 87.5 MPH)
Batting: SHB Jack Lomax 0-0: Ball
1-0: Called Strike
1-1: Ball
2-1: Foul Ball, location: 2RF
2-2: Ball
3-2: Foul Ball, location: 7LMF
3-2: Fly out, F6 (Popup, 15, EV 89.4 MPH)
Batting: RHB Alex Mets 0-0: Called Strike
0-1: Foul Ball, location: 2F
0-2: Ball
1-2: Ball
2-2: Strikes out looking
Bottom of the 8th over - 0 runs, 0 hits, 0 errors, 0 left on base; Detroit 0 - Minnesota 1
TOP OF THE 9TH
Detroit Tigers batting - Pitching for Minnesota Twins : LHP Waldo Tanner
Pitching: LHP Caden Croll
Batting: RHB Merlin Weichert 0-0: Called Strike
0-1: Ball
1-1: Swinging Strike
1-2: Strikes out swinging
Batting: RHB Aarón Gutiérrez 0-0: Called Strike
0-1: Swinging Strike
0-2: Strikes out swinging
Batting: RHB Brandon Diarra 0-0: Fly out, F9 (Flyball, 9LS, EV 96.9 MPH)
Top of the 9th over - 0 runs, 0 hits, 0 errors, 0 left on base; Detroit 0 - Minnesota 1
Saturday, April 13th , 2024 - OOTP Baseball 24.11 Build 85